 Dungeon Crawl Stone Soup version 0.28.0 (webtiles) character file.

Game seed: 5356261679201877190

1289 RepoMan the Carver (level 8, -2/58 HPs)
             Began as a Demonspawn Cinder Acolyte on Feb 10, 2022.
             Was a High Priest of Ignis.
             Slain by an orc warrior (19 damage)
             ... on level 6 of the Dungeon.
             The game lasted 00:31:55 (7179 turns).

RepoMan the Carver (Demonspawn Cinder Acolyte)      Turns: 7179, Time: 00:31:56

Health: -2/58      AC:  7    Str: 14    XL:     8   Next: 30%
Magic:  7/18       EV: 10    Int: 16    God:    Ignis [*****.]
Gold:   260        SH:  0    Dex: 11    Spells: 5/9 levels left

rFire   + . .      SeeInvis .   a - -1 falchion (flame)
rCold   . . .      Faith    .   (no shield)
rNeg    . . .      Spirit   .   n - +0 ring mail
rPois   .          Reflect  .   (no helmet)
rElec   .          Harm     .   r - +1 cloak
rCorr   .          Rampage  .   (no gloves)
Will    .....                   (no boots)
Stlth   +.........              (no amulet)
HPRegen 0.19/turn               j - ring of magical power
MPRegen 0.16/turn               (no ring)

@: hasted, very quick
A: claws 1, powered by death 1, sturdy frame 1
a: Renounce Religion, Fiery Armour, Foxfire Swarm, Rising Flame


You were on level 6 of the Dungeon.
You worshipped Ignis.
Ignis was extremely pleased with you.
You visited 1 branch of the dungeon, and saw 6 of its levels.
You also visited: Sewer.

You collected 260 gold pieces.

Inventory:

Hand Weapons
 a - a -1 falchion of flaming (weapon)
Missiles
 p - 5 datura-tipped darts
Armour
 n - a +0 ring mail (worn)
 r - a +1 cloak (worn)
Jewellery
 j - a ring of magical power (left claw)
 t - a ring of flight
Wands
 u - a wand of acid (2)
Scrolls
 b - a scroll of blinking {unknown}
 c - a scroll of enchant armour
 k - a scroll of vulnerability
 m - a scroll of torment {unknown}
 v - a scroll of teleportation {unknown}
Potions
 d - 2 potions of magic {unknown}
 e - 3 potions of haste
 f - 2 potions of curing {unknown}
 g - 2 potions of brilliance
 h - 2 potions of might {unknown}
 i - 3 potions of lignification {unknown}
 l - 2 potions of berserk rage {unknown}
 o - a potion of degeneration {unknown}
 q - 3 potions of heal wounds {unknown}
 s - a potion of cancellation {unknown}


   Skills:
 - Level 3.0 Fighting
 * Level 8.1 Long Blades
 - Level 1.0 Spellcasting
 + Level 2.7 Translocations
 - Level 5.0 Fire Magic


You had 5 spell levels left.
You knew the following spells:

 Your Spells              Type           Power      Damage    Failure   Level
b - Blink                 Tloc           18%        N/A       16%         2
r - Scorch                Fire           34%        2d7       6%          2

Your spell library contained the following spells:

 Spells                   Type           Power      Damage    Failure   Level
 Sting                    Tmut/Pois      0%         1d3       32%         1
 Poisonous Vapours        Pois/Air       0%         N/A       45%         2
 Portal Projectile        Hex/Tloc       10%        N/A       50%         3
 Call Canine Familiar     Summ           0%         N/A       69%         3
 Manifold Assault         Tloc           9%         N/A       96%         5
 Leda's Liquefaction      Hex/Erth       0%         N/A       97%         4
 Olgreb's Toxic Radiance  Pois           0%         N/A       97%         4
 Agony                    Necr           0%         N/A       100%        5
 Excruciating Wounds      Necr           0%         N/A       100%        5
 Storm Form               Tmut/Air       0%         N/A       100%        7
 Infestation              Necr           0%         N/A       100%        8


Dungeon Overview and Level Annotations

Branches:
Dungeon (6/15)              Sewer (visited)
 Temple: D:4-7

Altars:
Nemelex Xobeh
Qazlal
Sif Muna
Wu Jian

Annotations:
D:3 3 runed translucent doors, daodarkstar's ghost, amateur GrEE
D:6 3 runed translucent doors, Colgate's ghost, novice FeSu; SirSavien's ghost, amateur GnCj


Innate Abilities, Weirdness & Mutations

You have sharp fingernails.
You regenerate a little health from kills.
Your movements are slightly less encumbered by armour. (ER -2)


Message History

Things that are here:
a +0 dagger; an orc corpse
There is an open door here.
Flames lash the orc warrior.
The orc warrior is lightly wounded.
The orc warrior's fire resistance burns away.
Flames lash the orc warrior but do no damage.
The orc warrior closely misses you.
Flames lash the orc.
You kill the orc!
The orc warrior hits you with a +0 scimitar!
Flames lash the orc warrior.
The orc warrior is burned terribly!
The orc warrior is moderately wounded.
The orc warrior barely misses you.
Flames lash the orc warrior but do no damage.
The orc warrior hits you with a +0 scimitar.
You hit the orc warrior but do no damage.
The orc warrior is moderately wounded.
The orc warrior hits you with a +0 scimitar!!
* * * LOW HITPOINT WARNING * * *
The orc warrior is no longer more vulnerable to fire.
What are your orders? t - Shout!
Orders for allies: a - Attack new target. r - Retreat! s - Stop attacking. g - Guard the area. f - Follow me.
Anything else - Cancel.
Okay, then.
Okay, then.
Press: ? - help, v - describe, . - travel
Here: an orc warrior, wielding a +0 scimitar and wearing a +0 plate armour (moderately wounded)
The floor.
Unknown command.
Unknown command.
Okay, then.
Unknown command.
Okay, then.
You feel yourself speed up.
The orc warrior hits you with a +0 scimitar!!
You die...

##.#### #.# #.# ....8##
##'## ......# ##...##
.....P### ##.....##
.....⌠#.## ##......†##
....W.#..####.........##
+++####..)..'..o@........
.........####.............
....)...## ##.......#.###
..#.#..## ##.....##.#
#.#..# ##...## .# #.##.#
##+## #. #.# #. ..# ## #.#


You could see an orc warrior.

Vanquished Creatures
  A meliai zombie (D:6)
  An ice beast (D:6)
  A sky beast (D:5)
  A necrophage (D:5)
  2 scorpions (D:5)
  2 bullfrog zombies (D:5)
  4 hounds
  2 orc priests
  Crazy Yiuf (D:3)
  3 orc wizards
  3 iguanas
  Robin (D:3)
  8 adders
  7 river rats (Sewer)
  5 worms
  2 dart slugs
  13 orcs
  5 endoplasms
  2 giant cockroaches
  13 goblins
  8 hobgoblins
  2 jackals (D:5)
  7 kobolds
  5 quokkas
  11 ball pythons
  4 bats
  9 frilled lizards
  15 rats
138 creatures vanquished.

Vanquished Creatures (collateral kills)
  An iguana (D:5)
1 creature vanquished.

Vanquished Creatures (others)
  3 plants (D:1)
  A withered plant (D:6)
4 creatures vanquished.

Grand Total: 143 creatures vanquished

Notes
Turn   | Place    | Note
-------+----------+-------------------------------------------
     0 | D:1      | RepoMan the Demonspawn Cinder Acolyte began the quest for
                  | the Orb.
     0 | D:1      | Reached XP level 1. HP: 18/18 MP: 2/2
   139 | D:1      | Reached skill level 3 in Long Blades
   206 | D:1      | Gained mutation: Your movements are slightly less
                  | encumbered by armour. (ER -2) [demonic ancestry]
   206 | D:1      | Reached XP level 2. HP: 22/24 MP: 3/3
   697 | D:1      | Learned a level 2 spell: Scorch
  1659 | D:2      | Reached XP level 3. HP: 29/29 MP: 4/4
  1822 | D:2      | Got Khufu's Volume of Darkness
  2300 | D:2      | Reached skill level 4 in Long Blades
  2394 | D:2      | Reached XP level 4. HP: 35/35 MP: 5/5
  2969 | D:3      | Found a sparkling altar of Nemelex Xobeh.
  3147 | D:3      | Reached XP level 5. HP: 36/41 MP: 1/6
  3256 | D:3      | Noticed daodarkstar's ghost (amateur GrEE)
  3258 | D:3      | Found a runed translucent gate.
  3258 | D:3      | Found a runed translucent gate.
  3258 | D:3      | Found a runed translucent gate.
  3353 | D:3      | Found a runed translucent door.
  3354 | D:3      | Noticed Crazy Yiuf
  3361 | D:3      | Killed Crazy Yiuf
  4098 | D:3      | Found a shimmering blue altar of Sif Muna.
  4106 | D:3      | Noticed Robin
  4120 | D:3      | Killed Robin
  4121 | D:3      | Reached skill level 5 in Long Blades
  4302 | D:4      | Found an ornate altar of the Wu Jian Council.
  4523 | D:4      | You fall into a shaft and drop 1 floor!
  4523 | D:5      | Entered Level 5 of the Dungeon
  4559 | D:5      | Gained mutation: You have sharp fingernails. [demonic
                  | ancestry]
  4559 | D:5      | Reached XP level 6. HP: 47/47 MP: 7/7
  4581 | D:5      | Found a glowing drain.
  4631 | Sewer    | Entered a sewer
  5330 | D:5      | Reached skill level 6 in Long Blades
  5416 | D:5      | Gained mutation: You regenerate a little health from kills.
                  | [demonic ancestry]
  5416 | D:5      | Reached XP level 7. HP: 49/52 MP: 8/8
  5763 | D:5      | Reached skill level 5 in Fire Magic
  5783 | D:5      | Found a stormy altar of Qazlal.
  5898 | D:5      | Learned a level 2 spell: Blink
  5988 | D:5      | Reached skill level 7 in Long Blades
  5988 | D:5      | Reached skill level 1 in Translocations
  6795 | D:6      | Reached XP level 8. HP: 40/58 MP: 8/9
  6921 | D:6      | Reached skill level 8 in Long Blades
  7148 | D:6      | Found a runed translucent gate.
  7148 | D:6      | Found a runed translucent gate.
  7149 | D:6      | Found a runed translucent gate.
  7151 | D:6      | Noticed SirSavien's ghost (amateur GnCj)
  7151 | D:6      | Noticed Colgate's ghost (novice FeSu)
  7179 | D:6      | Slain by an orc warrior

Illustrated notes

Levels and vault maps discovered:
D:1:      dpeg_arrival_renting, layout_basic, serial_bayou_lagoon_a
D:2:      kennysheep_six_static_rooms, layout_basic
D:3:      layout_basic, mainiacjoe_overflow_small_starburst, lemuel_tele_altar,
          gammafunk_ghost_split, uniq_robin, uniq_crazy_yiuf_cottage
D:4:      layout_loops_cross, mainiacjoe_overflow_chevrons, lemuel_old_faithful
D:5:      layout_basic, mainiacjoe_overflow_alcove_4,
          cheibrodos_sewer_entry_bend
D:6:      layout_loops_corners, gammafunk_ghost_cemetery,
          minmay_a_box_with_orc_wizards_in_it

Skill      XL: |  1  2  3  4  5  6  7  8 |
---------------+-------------------------+-----
Long Blades    | 3 4 5 6 7 8 |  8.1
Fire Magic     | 3 4 5 |  5.0
Translocations | 2 |  2.7
Fighting       | |  3.0
Spellcasting   | |  1.0

Action                   |  1- 3 |  4- 6 |  7- 9 || total
-------------------------+-------+-------+-------++-------
Melee: Falchion          |    81 |    49 |    30 ||   160
       Punch             |     1 |       |       ||     1
 Cast: Scorch            |    30 |    91 |    54 ||   175
  Use: Scroll            |       |     7 |       ||     7
       Potion            |       |       |     1 ||     1
 Stab: Sleeping          |     1 |       |       ||     1
Armor: Robe              |     4 |       |       ||     4
       Ring mail         |     7 |    24 |    19 ||    50
Dodge: Dodged            |    46 |    25 |    22 ||    93
